 Dungeon Crawl Stone Soup version 0.19-a0-1587-gaef70b6 (webtiles) character file.

308 wazuzu the Insei (level 6, -7/32 HPs)
             Began as a Vine Stalker Monk on Sept 16, 2016.
             Mangled by an ice beast (10 damage)
             ... on level 5 of the Dungeon.
             The game lasted 00:08:42 (3248 turns).

wazuzu the Insei (Vine Stalker Monk)                Turns: 3248, Time: 00:08:42

Health: -7/32      AC:  3    Str: 14    XL:     6   Next: 40%
Magic:  0/16       EV: 13    Int: 10    God:
Gold:   164        SH:  0    Dex: 18    Spells: 0 memorised, 5 levels left

rFire  . . .     SeeInvis .       - Unarmed
rCold  . . .     Gourm    .     a - +0 robe
rNeg   . . .     Faith    .     (no shield)
rPois  .         Spirit   +     (no helmet)
rElec  .         Dismiss  .     e - +0 cloak
rCorr  .         Reflect  .     (no gloves)
MR     .....     Harm     .     (no boots)
Stlth  ++........               (no amulet)
                                (no ring)
                                m - ring of magical power

@: no status effects
A: fangs 2, regeneration 1, magic shield, antimagic bite, no device heal 3, rot
immunity
a: no special abilities


You were on level 5 of the Dungeon.
You were very hungry.

You visited 1 branch of the dungeon, and saw 5 of its levels.

You collected 164 gold pieces.

Inventory:

Armour
 a - a +0 robe (worn)
 e - a +0 cloak (worn)
 w - a cursed +0 leather armour
Jewellery
 m - a ring of magical power (left hand)
 y - an uncursed ring of poison resistance {unknown}
Scrolls
 c - a scroll of magic mapping {unknown}
 d - a scroll of recharging
 h - 2 scrolls of remove curse
 i - 3 scrolls of blinking {unknown}
 j - a scroll of noise {unknown}
 k - 2 scrolls of identify {unknown}
 l - a scroll of amnesia {unknown}
 q - a scroll of enchant armour {unknown}
 r - a scroll of fog {unknown}
 C - a scroll of enchant weapon {unknown}
Potions
 f - a potion of heal wounds {unknown}
 n - 2 potions of cancellation {unknown}
 o - a potion of cure mutation {unknown}
 p - a potion of agility {unknown}
 s - a potion of mutation {unknown}
 t - 3 potions of lignification {unknown}
 u - 2 potions of flight {unknown}
 A - a potion of degeneration {unknown}
 B - a potion of curing {unknown}
Comestibles
 b - 4 bread rations
 g - a beef jerky
 v - a royal jelly
 x - 2 meat rations
 z - a slice of pizza


   Skills:
 - Level 2.6 Fighting
 - Level 2.4 Dodging
 - Level 2.4 Stealth
 + Level 7.0 Unarmed Combat


You had 5 spell levels left.
You didn't know any spells.

Dungeon Overview and Level Annotations

Branches:
Dungeon (5/15)
 Temple: D:4-7

Altars:
Sif Muna


Innate Abilities, Weirdness & Mutations

You have extremely sharp teeth.
Your natural rate of healing is unusually fast.
When hurt, damage is shared between your health and your magic reserves.
Your bite disrupts and absorbs the magic of your enemies.
Potions and wands cannot restore your health.
You are immune to rotting.


Message History

You bite the ice beast, but do no damage.
The ice beast is severely wounded.
The ice beast hits you but does no damage.
You hit the ice beast but do no damage.
The ice beast is severely wounded.
The ice beast hits you but does no damage.
You hit the ice beast.
The ice beast is almost dead.
The ice beast hits you. The ice beast freezes you!
You hit the ice beast but do no damage. Your bite misses the ice beast.
The ice beast is almost dead.
The ice beast hits you. The ice beast freezes you!
* * * LOW HITPOINT WARNING * * *
You are too injured to fight recklessly!
You hit the ice beast.
The ice beast is almost dead.
The ice beast hits you.
* * * LOW HITPOINT WARNING * * *
The ice beast freezes you!
You die...

##+##
##.<.##
##.....##
##.......#
#.@...%...#
+Y........+
#.........#
##.......##
##.....##
##...##
#+##


You could see an ice beast.

Vanquished Creatures
  An ogre (D:4)
  The ghost of JustSomeDude the Skirmisher, an amateur DsFi (D:3)
  A scorpion (D:4)
  3 adders
  An ooze (D:2)
  An adder skeleton (D:4)
  A worm (D:3)
  A leopard gecko (D:2)
  2 orcs
  3 ball pythons
  4 giant cockroaches
  5 goblins
  6 hobgoblins
  A quokka (D:2)
  11 bats
  4 frilled lizards
  6 kobolds
  9 rats
61 creatures vanquished.

Notes
Turn   | Place    | Note
-------+----------+-------------------------------------------
     0 | D:1      | wazuzu the Vine Stalker Monk began the quest for the Orb.
     0 | D:1      | Reached XP level 1. HP: 11/11 MP: 2/2
   168 | D:1      | Reached XP level 2. HP: 11/16 MP: 3/3
   842 | D:2      | Reached skill level 4 in Unarmed Combat
   852 | D:2      | Reached XP level 3. HP: 19/19 MP: 4/4
  1498 | D:2      | Gained mutation: Your natural rate of healing is unusually fast. [Vine Stalker growth]
  1498 | D:2      | Reached XP level 4. HP: 23/23 MP: 5/5
  1704 | D:3      | Noticed JustSomeDude's ghost (amateur DsFi)
  1968 | D:3      | Found a deep blue altar of Sif Muna.
  1990 | D:3      | HP: 1/23 [JustSomeDude's ghost (2)]
  2016 | D:3      | Killed JustSomeDude's ghost
  2016 | D:3      | Reached skill level 5 in Unarmed Combat
  2016 | D:3      | Reached XP level 5. HP: 3/27 MP: 2/6
  2522 | D:3      | Found a faded altar of an unknown god.
  2691 | D:4      | Noticed an ogre
  2700 | D:4      | Killed an ogre
  2700 | D:4      | Reached skill level 6 in Unarmed Combat
  2700 | D:4      | Reached XP level 6. HP: 14/32 MP: 6/7
  3096 | D:4      | Reached skill level 7 in Unarmed Combat
  3238 | D:5      | Entered Level 5 of the Dungeon
  3238 | D:5      | Noticed an ice beast
  3248 | D:5      | Mangled by an ice beast

Vault maps used:
D:1:      minmay_arrival_arboretum_small, minmay_fountain_box
D:2:      minmay_misc_feat_plants, hangedman_decor_diamond_cutter
D:3:      first_bread, ecumenical_altar_1, led_sif_pool
D:5:      dk_noncrumbling_4

Skill      XL: |  1  2  3  4  5  6 |
---------------+-------------------+-----
Unarmed Combat | 4 5 6 7 |  7.0
Fighting       | |  2.6
Dodging        | |  2.4
Stealth        | |  2.4

Action                   |  1- 3 |  4- 6 || total
-------------------------+-------+-------++-------
Melee: Unarmed           |   125 |   124 ||   249
       Bite              |    25 |    35 ||    60
       Punch             |     1 |     4 ||     5
  Use: Scroll            |     1 |     2 ||     3
 Stab: Sleeping          |     7 |     7 ||    14
  Eat: Chunk             |     2 |     4 ||     6
Armor: Robe              |    33 |     7 ||    40
Dodge: Dodged            |    88 |    62 ||   150
